Map: Ephemeron LE

Players

Cynicusme - Winner!

  • Race: Zerg Zerg
  • League: Platinum
  • Spawn Location: 11:00

Schism

  • Race: Terran Terran
  • Spawn Location: 5:00

VOD

Have the link to the VOD?

Description

Time

  • Played on: Aug. 22, 2019, 1:31 a.m.
  • Length: 8:28
Show
View Real Time Build Order
Export as new Build Order

Cynicusme Zerg - Winner!

Build Orders: Hatch First 

Get SALT Encoding   

  12  0:02  Drone  
  13  0:14  Overlord  
  13  0:19  Drone  
  14  0:33  Drone x2  
  16  0:37  Drone  
  17  0:54  Hatchery  
  17  0:56  Drone  
  17  1:03  Drone  
  18  1:21  Drone  
  18  1:22  Drone  
  18  1:24  Extractor  
  19  1:26  Spawning Pool  
  19  1:30  Drone  
  19  1:52  Overlord  
  19  1:54  Drone  
  20  2:12  Queen  
  20  2:15  Queen  
  22  2:18  Hatchery  
  22  2:19  Drone  
  24  2:23  Drone  
  24  2:26  Drone  
  26  2:32  Metabolic Boost  
  26  2:37  Zergling x2  
  27  2:40  Zergling x2  
  27  2:42  Zergling x2  
  29  2:48  Drone  
  30  2:55  Queen  
  32  3:00  Overlord  
  32  3:02  Drone  
  32  3:05  Drone  
  34  3:08  Drone  
  34  3:11  Drone  
  36  3:14  Pneumatized Carapace  
  37  3:27  Drone x4  
  37  3:28  Drone  
  37  3:30  Drone  
  37  3:33  Drone  
  43  3:40  Queen  
  45  3:46  Queen  
  47  3:52  Overlord  
  47  3:53  Zergling x4  
  48  4:13  Zergling x2  
  48  4:14  Zergling x14  
  48  4:15  Zergling x2  
  53  4:25  Zergling x2  
  53  4:26  Zergling x8  
  53  4:30  Spore Crawler  
  57  4:33  Spine Crawler  
  57  4:35  Spine Crawler x2  
  45  4:49  Zergling x2  
  45  4:50  Zergling x18  
  52  4:56  Lair  
  52  4:59  Spore Crawler  
  49  5:23  Zergling x10  
  49  5:24  Zergling x8  
  58  5:39  Drone, Extractor  
  58  5:40  Overlord x2, Extractor  
  57  5:58  Overlord  
  57  6:08  Baneling Nest  
  57  6:10  Drone  
  57  6:11  Drone x2  
  59  6:12  Drone x3  
  59  6:13  Overlord  
  59  6:14  Zergling x8  
  59  6:15  Zergling x10  
  59  6:16  Zergling x2  
  72  6:19  Overseer  
  72  6:22  Overseer x2  
  72  6:53  Evolution Chamber  
  71  6:54  Extractor  
  71  6:55  Drone, Evolution Chamber  
  71  6:56  Drone x2  
  71  6:58  Centrifical Hooks  
  72  7:04  Drone x2  
  72  7:05  Drone x7  
  72  7:08  Drone  
  82  7:10  Drone  
  82  7:13  Drone  
  84  7:29  Drone  
  85  7:30  Drone  
  85  7:31  Drone  
  85  7:33  Drone  
  88  7:48  Baneling  
  88  7:49  Baneling x19  
  88  7:58  Infestation Pit  
  87  8:01  Spore Crawler, Extractor x2  
Show
View Real Time Build Order
Export as new Build Order

Schism Terran 

Build Orders:  

Get SALT Encoding   

  12  0:00  SCV  
  13  0:13  SCV  
  14  0:18  Supply Depot  
  14  0:25  SCV  
  15  0:39  SCV  
  15  0:41  Barracks  
  16  0:50  Refinery  
  16  0:52  SCV  
  16  0:56  Refinery  
  17  1:04  SCV  
  18  1:16  SCV  
  19  1:28  SCV  
  19  1:29  Barracks Tech Lab  
  20  1:34  Ghost Academy  
  20  1:35  Supply Depot  
  20  1:40  SCV  
  21  1:47  Marine  
  22  1:54  Stimpack  
  22  1:58  SCV  
  23  2:08  Marine  
  23  2:14  Orbital Command  
  24  2:26  Barracks  
  24  2:28  Marine  
  25  2:39  SCV  
  26  2:46  Ghost  
  28  2:53  Barracks  
  28  2:55  SCV  
  29  3:01  Supply Depot  
  29  3:13  Marine  
  30  3:22  Ghost  
  30  3:25  Supply Depot  
  32  3:33  Marine  
  32  3:34  Combat Shield  
  33  3:40  Marine  
  34  3:50  Marine, SCV  
  34  3:51  Ghost  
  38  3:58  Marine  
  39  4:08  Marine  
  40  4:16  Marine  
  40  4:19  Ghost  
  42  4:28  Marine  
  43  4:34  Marine  
  36  4:46  Marine  
  36  4:48  Marine  
  36  4:51  Marine  
  36  5:00  SCV  
  36  5:04  Marine  
  36  5:06  Marine  
  38  5:07  Barracks  
  38  5:09  Marine  
  38  5:11  Personal Cloaking  
  39  5:22  Marine  
  39  5:24  Marine  
  39  5:27  Marine  
  42  5:37  SCV  
  42  5:39  Marine  
  42  5:42  Marine  
  45  5:45  Marine  
  46  5:54  Marine  
  46  5:56  Barracks  
  47  5:57  Marine  
  47  5:59  Marine  
  47  6:03  Marine  
  50  6:12  Marine  
  51  6:26  SCV  
  52  6:36  Barracks Reactor x2  
  52  6:38  Barracks Reactor  
  52  6:40  Command Center  
  52  6:44  SCV  
  52  6:46  Barracks Reactor  
  53  6:58  Ghost  
  55  7:13  Marine x4  
  55  7:15  Marine x2  
  61  7:23  Marine  
  61  7:25  Marine, Supply Depot  
  63  7:33  Marine x2  
  63  7:34  Marine  
  66  7:37  Marine  
  66  7:39  Marine  
  66  7:42  Marine  
  69  7:50  SCV  
  70  7:55  Marine x2  
  70  7:56  Marine  
  73  8:02  SCV  
Tags
 
League
Platinum
Matchup
TvZ
Spawn Locations
Cross Positions
Add a new tag
Caveats
  • Supply blocks, unpowered buildings, or Contaminate may cause inaccurate times.
  • Supply counts are checked every 10 seconds.